 Dungeon Crawl Stone Soup version 0.26-a0-712-ga5a9c9c9d0 (webtiles) character file.

Game seed: 6987938669395552560

43 Apogee the Stinger (level 3, -3/35 HPs)
             Began as an Ogre Venom Mage on Nov 5, 2020.
             Slain by an orc
             ... wielding a +0 flail
              (6 damage)
             ... on level 1 of the Dungeon.
             The game lasted 00:04:24 (2144 turns).

Apogee the Stinger (Ogre Venom Mage)                Turns: 2144, Time: 00:04:25

Health: -3/35      AC:  3    Str: 13    XL:     3   Next: 58%
Magic:  0/6        EV: 10    Int: 16    God:
Gold:   60         SH:  0    Dex:  9    Spells: 5/6 levels left

rFire    . . .     SeeInvis .   j - +0 whip
rCold    . . .     Faith    .   (no shield)
rNeg     . . .     Spirit   .   a - +0 robe
rPois    .         Reflect  .   (helmet restricted)
rElec    .         Harm     .   (no cloak)
rCorr    .         Rampage  .   (gloves unavailable)
MR       .....                  (boots unavailable)
Stlth    +.........             (no amulet)
HPRegen  0.11/turn              (no ring)
MPRegen  0.10/turn              (no ring)

@: no status effects
A: large, unfitting armour, tough skin 1
a: no special abilities


You were on level 1 of the Dungeon.
You visited 1 branch of the dungeon, and saw 2 of its levels.

You collected 60 gold pieces.

Inventory:

Hand Weapons
 c - a +0 club
   (You found it on level 1 of the Dungeon)
 j - a +0 whip (weapon)
   (You found it on level 1 of the Dungeon)
Missiles
 d - 75 stones (quivered)
Armour
 a - a +0 robe (worn)
Wands
 u - a wand of paralysis (6)
   (You found it on level 2 of the Dungeon)
Scrolls
 b - a scroll of fear {unknown}
 g - a scroll of immolation {unknown}
 h - a scroll of fog {unknown}
Potions
 e - 4 potions of curing {unknown}
 f - 2 potions of lignification {unknown}
 i - 2 potions of brilliance {unknown}


   Skills:
 + Level 1.9 Fighting
 * Level 1.8 Maces & Flails
 - Level 1.7 Dodging
 - Level 1.4 Stealth
 - Level 2.4 Spellcasting
 + Level 1.6 Transmutations
 - Level 2.6 Poison Magic


You had 5 spell levels left.
You knew the following spells:

 Your Spells              Type           Power        Failure   Level
a - Sting                 Tmut/Pois      #...         9%          1

Your spell library contained the following spells:

 Spells                   Type           Power        Failure   Level
 Poisonous Vapours        Pois/Air       #.....       17%         2
 Ignite Poison            Fire/Tmut/Pois #.......     32%         3
 Mephitic Cloud           Conj/Pois/Air  #.......     38%         3
 Olgreb's Toxic Radiance  Pois           ##......     54%         4


Dungeon Overview and Level Annotations

Branches:
Dungeon (2/15)

Altars:


Innate Abilities, Weirdness & Mutations

You are too large for most types of armour.
You have tough skin. (AC +1)


Message History

The orc hits you but does no damage.
Aim: an orc, wielding a +0 whip (lightly wounded, poisoned)
The sting hits the orc.
The orc looks even sicker.
The orc barely misses you.
There is a stone staircase leading up here.
The orc hits you from afar with a +1 trident of freezing!
The orc freezes you. The orc hits you but does no damage.
You climb upwards.
There is a stone staircase leading down, spattered with blood here.
You hit the orc but do no damage. The orc closely misses you.
You barely miss the orc.
You kill the orc!
No target in view!
You start resting.
You start resting.
You climb downwards.
The orc barely misses you. The orc hits you with a +0 flail.
The orc hits you with a +1 trident of freezing.
The orc freezes you.
There is a stone staircase leading up, spattered with blood here.
The goblin hits you with a +0 dagger. The orc closely misses you.
You climb upwards.
There is a stone staircase leading down, spattered with blood here.
Aim: an orc, wielding a +1 trident of freezing The sting hits the orc.
The orc is poisoned.
The orc closely misses you. The goblin hits you but does no damage.
Aim: an orc, wielding a +1 trident of freezing (heavily wounded, poisoned)
The sting hits the orc.
The orc looks even sicker.
You kill the orc!
The orc hits you with a +0 flail!
* * * LOW HITPOINT WARNING * * *
The goblin hits you but does no damage.
Aim: an orc, wielding a +0 flail and wearing a +0 leather armour The sting misses the orc.
The orc hits you with a +0 flail.
* * * LOW HITPOINT WARNING * * *
The goblin barely misses you.
Aim: an orc, wielding a +0 flail and wearing a +0 leather armour The sting hits the orc.
The orc is poisoned.
The orc misses you. The goblin hits you but does no damage.
Aim: an orc, wielding a +0 flail and wearing a +0 leather armour (heavily wounded, poisoned)
The sting hits the orc but does no damage.
The orc looks even sicker.
The goblin barely misses you. The orc closely misses you.
Aim: a goblin, wielding a +0 dagger The sting misses the goblin.
The goblin hits you but does no damage. The orc hits you with a +0 flail.
* * * LOW HITPOINT WARNING * * *
You closely miss the orc. The goblin barely misses you.
Unknown command.
You hit the goblin. The orc hits you with a +0 flail.
You die...

.....≈≈≈≈..#.###.#
#......##.#.#
.....≈≈≈≈.....##.#
#......##...#
###.≈.≈≈..###.##.#
#......##.#.#
.##.)≈≈≈≈.###..#.#
#.......#...#
.#...≈≈≈...###.#.#
##.........##
.#.≈≈≈≈≈...# #...#
#......####
...≈P≈≈≈≈.)# ##..#
#......#
....≈≈≈≈≈≈.####o.#
#......######
..≈.P≈≈≈≈.....#)@#
####.........
'.≈≈P≈≈≈≈.....##g#
#.........
..≈≈≈≈≈≈......##.#
#.........
...≈≈≈≈≈......##.#
#.........
..P≈≈≈≈≈P.....##.#
#.........
.≈≈≈≈≈≈≈......##.#
#.........
.≈≈≈≈≈≈≈≈.######.#
#.........
.P≈≈≈..≈.......#.#
##########
≈P≈≈≈≈..[#####.#.#


You could see an orc (very poisoned) and a goblin.

Vanquished Creatures
  3 dart slugs
  2 orcs (D:1)
  3 bats (D:1)
  2 giant cockroaches (D:1)
  5 goblins
  5 hobgoblins
  4 jackals (D:1)
  3 kobolds
  2 frilled lizards (D:1)
  A rat (D:1)
30 creatures vanquished.

Vanquished Creatures (others)
  2 plants (D:1)
2 creatures vanquished.

Grand Total: 32 creatures vanquished

Notes
Turn   | Place    | Note
-------+----------+-------------------------------------------
     0 | D:1      | Apogee the Ogre Venom Mage began the quest for the Orb.
     0 | D:1      | Reached XP level 1. HP: 16/16 MP: 3/3
    59 | D:1      | Reached skill level 1 in Transmutations
   515 | D:1      | Reached skill level 1 in Fighting
   515 | D:1      | Reached XP level 2. HP: 27/27 MP: 3/5
   769 | D:1      | Reached skill level 1 in Maces & Flails
  1158 | D:1      | Reached XP level 3. HP: 31/33 MP: 3/6
  2144 | D:1      | Slain by an orc

Illustrated notes

Levels and vault maps discovered:
D:1:      lemuel_arrival_hallway, layout_basic, chequers_big_river
D:2:      kennysheep_six_static_rooms, layout_basic, guppyfry_early_orc_mine,
          uniq_terence

Skill      XL: |  1  2 |
---------------+-------+-----
Transmutations | 1 |  1.6
Fighting       | 1 |  1.9
Maces & Flails | 1 |  1.8
Dodging        | |  1.7
Stealth        | |  1.4
Spellcasting   | |  2.4
Poison Magic   | |  2.6

Action                   || total
-------------------------++-------
Melee: Unarmed           ||    18
       Club              ||    44
       Whip              ||     8
Throw: Stone             ||     1
 Cast: Sting             ||    47
Armor: Robe              ||    45
Dodge: Dodged            ||    62

Table legend: (Time is in decaauts)
 A = Elapsed time spent in this place.
 B = Non-inter-level travel time spent in this place.
 C = Inter-level travel time spent in this place.
 D = Time resting spent in this place.
 E = Time spent auto-exploring this place.
 F = Levels seen in this place.
 G = Mean time per level.
                   A        B        C        D        E       F      G
               +--------+--------+--------+--------+--------+-----+--------+
         Total |   2172 |   2049 |    123 |    528 |   1234 |   2 | 1086.0 |
       Dungeon |   2172 |   2049 |    123 |    528 |   1234 |   2 | 1086.0 |
               +--------+--------+--------+--------+--------+-----+--------+

Top non-repeatable levels by time:
     D:1: 2103 daAuts
     D:2: 68 daAuts
